Map: Ephemeron LE

Players

susanoo - Winner!

  • Race: Zerg Zerg
  • League: Diamond
  • Spawn Location: 11:00

A.I. 1 (Very Easy)

  • Race: Protoss Protoss
  • Spawn Location: 5:00

VOD

Have the link to the VOD?

Description

Time

  • Played on: Dec. 12, 2019, 11:28 p.m.
  • Length: 7:00
Show
View Real Time Build Order
Export as new Build Order

susanoo Zerg - Winner!

Build Orders: Hatch First 

Get SALT Encoding   

  12  0:02  Drone  
  13  0:12  Overlord  
  13  0:17  Drone  
  14  0:30  Drone x2  
  16  0:49  Hatchery  
  15  0:53  Drone  
  15  0:56  Drone  
  17  1:00  Drone  
  18  1:10  Extractor  
  17  1:16  Spawning Pool  
  16  1:19  Drone  
  16  1:22  Drone  
  18  1:28  Drone  
  19  1:40  Drone  
  20  1:51  Overlord  
  20  2:03  Queen  
  20  2:04  Zergling x2, Queen  
  20  2:05  Zergling x2  
  26  2:26  Hatchery  
  26  2:28  Drone x2  
  27  2:35  Drone x2  
  29  2:38  Drone  
  30  2:47  Lair  
  30  2:57  Overlord  
  30  3:01  Queen  
  32  3:09  Drone x3  
  35  3:17  Drone x2  
  35  3:18  Drone  
  35  3:19  Drone  
  39  3:22  Drone  
  40  3:29  Extractor  
  40  3:31  Extractor  
  40  3:32  Overlord  
  38  3:35  Overlord  
  38  3:36  Extractor  
  37  3:42  Queen  
  37  3:44  Drone  
  40  3:54  Spire  
  40  3:55  Drone  
  40  3:57  Drone  
  41  4:07  Drone x3  
  41  4:08  Drone  
  45  4:15  Metabolic Boost  
  45  4:19  Drone  
  45  4:20  Drone  
  47  4:26  Drone  
  47  4:27  Drone x2  
  47  4:29  Overseer  
  50  4:32  Overseer  
  50  4:37  Drone x2  
  52  4:41  Drone x2  
  52  4:43  Zergling x2  
  55  4:47  Overlord  
  55  4:51  Overlord  
  55  4:59  Overlord x2  
  55  5:05  Mutalisk x2  
  59  5:08  Mutalisk  
  61  5:15  Mutalisk x2  
  65  5:22  Mutalisk x2  
  69  5:30  Mutalisk  
  69  5:32  Zergling x2  
  69  5:33  Zergling x6  
  75  5:46  Zergling x12  
  75  5:47  Zergling x4  
  83  5:58  Zergling x14  
  90  6:07  Roach Warren  
  90  6:08  Overlord, Zergling x2  
  90  6:15  Overlord  
  90  6:16  Overlord  
  89  6:25  Zergling x2  
  90  6:28  Overlord x3  
  90  6:29  Overlord  
  90  6:34  Drone x3  
Show
View Real Time Build Order
Export as new Build Order

A.I. 1 (Very Easy) Protoss 

Build Orders:  

Get SALT Encoding   

  12  0:00  Probe  
  13  0:13  Probe  
  14  0:20  Pylon  
  14  0:37  Assimilator  
  14  0:42  Gateway  
  14  0:46  Pylon  
  14  1:15  Assimilator  
  14  1:22  Zealot  
  14  1:24  Probe  
  14  1:31  Cybernetics Core  
  14  1:32  Probe  
  18  1:42  Probe  
  19  1:54  Probe  
  20  2:02  Probe  
  20  2:07  Warp Gate  
  21  2:10  Probe  
  22  2:43  Stalker  
  24  6:15  Stalker  
  24  6:18  Pylon  
  24  6:22  Probe  
  17  6:30  Probe  
Tags
 
League
Diamond
Matchup
PvZ
Spawn Locations
Cross Positions
Add a new tag
Caveats
  • Supply blocks, unpowered buildings, or Contaminate may cause inaccurate times.
  • Supply counts are checked every 10 seconds.